Map: Acropolis LE

Players

Woah

  • Race: Terran Terran
  • League: Platinum
  • Spawn Location: 5:00

СИЛ - Winner!

  • Race: Protoss Protoss
  • League: Diamond
  • Spawn Location: 11:00

VOD

Have the link to the VOD?

Description

Time

  • Played on: June 10, 2019, 9:31 a.m.
  • Length: 12:05
Show
View Real Time Build Order
Export as new Build Order

Woah Terran 

Build Orders: Gas First Reaper Expand 

Get SALT Encoding   

  12  0:01  SCV  
  13  0:15  SCV  
  13  0:17  Supply Depot  
  14  0:29  Refinery  
  14  0:31  SCV  
  15  0:41  Barracks  
  15  0:46  SCV  
  16  1:03  SCV, Refinery  
  17  1:32  Orbital Command  
  17  1:34  Reaper  
  17  1:37  Engineering Bay  
  18  2:04  SCV  
  19  2:09  Factory  
  19  2:10  Barracks Reactor  
  19  2:11  Barracks  
  19  2:17  SCV  
  20  2:30  SCV  
  20  2:58  Factory Tech Lab  
  20  2:59  Command Center  
  20  3:01  Marine x2  
  20  3:02  Supply Depot  
  20  3:03  Barracks Tech Lab  
  22  3:10  Bunker  
  22  3:21  SCV  
  22  3:23  Cyclone  
  26  3:32  Engineering Bay  
  26  3:37  SCV  
  27  3:43  Stimpack  
  27  3:49  SCV  
  27  3:51  Marauder, Marine  
  31  4:06  Mag-Field Accelerator  
  31  4:11  SCV, Marine  
  33  4:18  Orbital Command  
  33  4:29  SCV  
  34  4:32  Terran Infantry Weapons Level 1  
  33  4:46  Bunker  
  33  4:52  Starport  
  33  4:57  Orbital Command  
  33  5:02  Marine x2  
  33  5:03  Marine  
  36  5:25  Command Center  
  36  5:39  SCV  
  37  5:51  SCV  
  37  5:57  Barracks  
  38  6:01  Factory Reactor  
  38  6:02  Raven  
  38  6:03  SCV  
  43  6:04  Marauder, Combat Shield  
  43  6:12  Bunker  
  43  6:15  SCV  
  44  6:29  Barracks  
  35  7:00  Orbital Command  
  26  7:02  Marauder, Marine x2  
  26  7:07  Banshee  
  37  7:08  Widow Mine  
  33  7:18  Marine x2  
  33  7:20  Marine x2  
  37  7:23  Marauder  
  38  7:36  Marine x2  
  39  7:38  Marine x2  
  35  7:45  Marauder  
  36  7:54  Marine x2  
  36  7:55  Marine  
  36  7:56  Marine  
  38  8:06  Marauder  
  38  8:12  Marine  
  41  8:15  Barracks Reactor  
  41  8:17  Banshee  
  44  8:31  Orbital Command  
  44  8:34  SCV  
  44  8:38  Barracks Reactor  
  45  8:47  SCV  
  46  8:50  Supply Depot  
  46  8:55  Refinery  
  46  8:56  Refinery  
  46  9:08  Terran Infantry Armor Level 1  
  46  9:12  SCV  
  46  9:16  SCV  
  48  9:24  SCV  
  48  9:28  SCV  
  50  9:32  Barracks  
  50  9:35  Medivac x2  
  54  9:46  SCV x2, Marauder, Marine x3  
  61  9:56  Armory  
  61  9:58  SCV  
  62  10:27  Command Center  
  62  10:30  SCV, Marine  
  62  10:37  SCV, Marine  
  62  10:39  Marauder  
  42  10:56  Marine x3  
  42  10:57  Marine x4  
  37  11:03  Bunker x2  
  37  11:04  Bunker  
  41  11:05  Marauder  
  41  11:09  Factory Tech Lab  
  41  11:10  Concussive Shells  
  43  11:14  Marine x2  
  43  11:15  Marauder  
  43  11:16  Medivac  
  49  11:23  Medivac  
  51  11:26  Marine  
  51  11:32  Marauder  
  54  11:40  Engineering Bay  
Show
View Real Time Build Order
Export as new Build Order

СИЛ Protoss - Winner!

Build Orders: Blink Stalkers 

Get SALT Encoding   

  1  0:00  Probe  
  13  0:07  Probe  
  14  0:18  Probe  
  15  0:23  Pylon  
  15  0:32  Assimilator  
  15  0:41  Probe  
  16  0:44  Gateway  
  16  0:53  Probe  
  17  1:01  Probe  
  17  1:09  Probe  
  19  1:20  Probe  
  19  1:25  Assimilator  
  20  1:28  Pylon  
  20  1:32  Probe  
  21  1:34  Cybernetics Core  
  21  1:44  Probe  
  22  1:56  Probe  
  22  2:01  Warp Gate  
  23  2:04  Gateway  
  23  2:07  Gateway  
  23  2:12  Stalker  
  25  2:24  Twilight Council  
  25  2:31  Pylon  
  25  2:42  Stalker, Blink  
  27  2:56  Stalker  
  27  2:57  Stalker  
  31  3:15  Stalker  
  33  3:45  Pylon  
  33  3:46  Pylon  
  33  3:54  Stalker  
  33  3:55  Stalker x2  
  39  4:15  Nexus  
  39  4:34  Charge  
  39  4:46  Stalker x2  
  39  4:47  Stalker  
  45  4:58  Probe  
  46  5:08  Pylon  
  46  5:11  Probe  
  46  5:12  Stalker  
  49  5:23  Probe  
  49  5:24  Stalker  
  52  5:30  Stalker  
  52  5:35  Probe  
  55  5:36  Stalker  
  57  5:47  Probe  
  57  5:48  Probe  
  59  5:57  Probe  
  59  5:58  Robotics Facility  
  59  5:59  Probe  
  61  6:05  Probe  
  61  6:09  Pylon  
  62  6:11  Probe  
  45  8:08  Stalker x3  
  45  8:11  Observer  
  52  8:27  Nexus  
  52  8:28  Observer  
  53  8:37  Stalker, Gateway  
  53  8:38  Stalker x2, Gateway  
  53  8:41  Gateway  
  59  8:43  Gateway  
  59  8:45  Gateway  
  59  8:47  Gateway  
  59  8:50  Shield Battery  
  59  8:53  Assimilator x2  
  59  8:54  Pylon  
  59  8:56  Pylon  
  59  9:01  Zealot  
  59  9:02  Zealot x2  
  65  9:09  Warp Prism  
  67  9:23  Probe  
  67  9:31  Probe  
  69  9:40  Probe  
  69  9:44  Forge x2  
  70  9:46  Zealot x3, Pylon  
  70  9:47  Zealot, Pylon  
  70  9:48  Zealot x3, Forge  
  70  9:49  Zealot x2  
  70  9:51  Pylon  
  70  9:52  Probe  
  89  9:56  Probe  
  89  10:04  Probe  
  90  10:08  Zealot  
  90  10:09  Zealot x3  
  90  10:10  Zealot  
  101  10:14  Probe  
  88  11:01  Zealot  
  88  11:02  Zealot x5  
  88  11:03  Zealot x2  
  88  11:04  Zealot  
  106  11:11  Probe  
  107  11:19  Probe  
  108  11:29  Probe  
  107  11:41  Probe  
  107  11:43  Observer  
  104  11:53  Probe  
  103  11:57  Zealot x3  
  103  11:58  Zealot x4  
  103  11:59  Zealot x2  
Tags
 
Add a new tag
Caveats
  • Supply blocks, unpowered buildings, or Contaminate may cause inaccurate times.
  • Supply counts are checked every 10 seconds.